 Dungeon Crawl Stone Soup version 0.26.1-11-gd32895ea62 (webtiles) character file.

Game seed: 2210978653349709203

608 Diggabert the Shield-Bearer (level 7, -21/44 HPs)
             Began as a Gargoyle Fighter on May 9, 2021.
             Demolished by a white ugly thing (27 damage)
             ... on level 5 of the Dungeon.
             The game lasted 00:08:10 (4046 turns).

Diggabert the Shield-Bearer (Gargoyle Fighter)      Turns: 4046, Time: 00:08:12

Health: -21/44     AC: 20    Str: 22    XL:     7   Next: 43%
Magic:  7/7        EV:  5    Int: 10    God:
Gold:   16         SH: 12    Dex: 15    Spells: 6/6 levels left

rFire    + + .     SeeInvis .   a - +0 flail
rCold    . . .     Faith    .   y - +2 kite shield of Dogmatism {rF+ Int+2}
rNeg     + . .     Spirit   .   i - +2 plate armour {rF+}
rPois    ∞         Reflect  .   w - +0 helmet
rElec    +         Harm     .   (no cloak)
rCorr    .         Rampage  .   (no gloves)
Will     .....                  (no boots)
Stlth    ..........             (no amulet)
HPRegen  0.14/turn              r - ring of wizardry
MPRegen  0.10/turn              g - +6 ring of dexterity

@: no status effects
A: negative energy resistance 1, electricity resistance, unbreathing,
petrification resistance, miasma immunity, AC +4
a: no special abilities


You were on level 5 of the Dungeon.
You visited 1 branch of the dungeon, and saw 5 of its levels.

You collected 272 gold pieces.
You spent 256 gold pieces at shops.

Inventory:

Hand Weapons
 a - a +0 flail (weapon)
Missiles
 s - a throwing net (quivered)
Armour
 i - a +2 plate armour of fire resistance (worn)
 w - a +0 helmet (worn)
 y - the +2 kite shield of Dogmatism (worn) {rF+ Int+2}
   (You bought it in a shop on level 4 of the Dungeon)

   It affects your intelligence (+2).
   It protects you from fire.
Jewellery
 g - a +6 ring of dexterity (right hand)
 r - a ring of wizardry (left hand)
 u - an uncursed amulet of regeneration {unknown}
Scrolls
 h - a scroll of fog
 j - 2 scrolls of immolation {unknown}
 l - a scroll of enchant armour
 n - a scroll of magic mapping {unknown}
 p - a scroll of enchant weapon {unknown}
 t - 3 scrolls of amnesia
 v - a scroll of teleportation {unknown}
Potions
 b - a potion of resistance {unknown}
 d - a potion of might
 e - a potion of mutation
 f - 4 potions of heal wounds
 k - 6 potions of curing
 m - 2 potions of haste
 o - 2 potions of cancellation
 q - a potion of brilliance
 x - a potion of lignification {unknown}


   Skills:
 * Level 4.4 Fighting
 * Level 5.0 Maces & Flails
 * Level 4.7 Armour
 * Level 1.9 Dodging
 * Level 5.3 Shields


You had 6 spell levels left.
You didn't know any spells.
Your spell library was empty.

Dungeon Overview and Level Annotations

Branches:
Dungeon (5/15)
 Temple: D:4-7

Altars:
Kikubaaqudgha
Nemelex Xobeh
Wu Jian
Xom
The Shining One

Shops:
D:4 *}}=!


Innate Abilities, Weirdness & Mutations

You are resistant to torment.
Your stone body is resilient. (AC +4)
You are immune to poison.
You resist negative energy. (rN+)
You are resistant to electric shocks. (rElec)
You can survive without breathing.
You are immune to petrification.
You are immune to miasma.


Message History

The white ugly thing tail-slaps you but does no damage.
You sock the white ugly thing!
The white ugly thing is moderately wounded.
The white ugly thing tail-slaps you but does no damage.
You barely miss the white ugly thing.
The white ugly thing is lightly wounded.
The white ugly thing tail-slaps you but does no damage.
You barely miss the white ugly thing.
The white ugly thing is lightly wounded.
You block the white ugly thing's attack.
You hit the white ugly thing.
The white ugly thing is moderately wounded.
The white ugly thing tail-slaps you but does no damage. x2
Your plate armour prevents you from hitting the white ugly thing.
The white ugly thing is moderately wounded.
The white ugly thing tail-slaps you!
* * * LOW HITPOINT WARNING * * *
The white ugly thing freezes you!!
Ouch! That really hurt!
You die...

. #.
..##.##+########
8.........u@<..#
...............#
#............(.#
#..............#
#..............#
#..............#
######...##...#
#'####...#
#...##...#


You could see a white ugly thing.

Vanquished Creatures
  An ogre (D:4)
  2 scorpions
  A vampire bat (D:4)
  A howler monkey (D:4)
  An orc wizard (D:3)
  An orc priest (D:3)
  3 hounds (D:4)
  An iguana (D:4)
  2 worker ants (D:4)
  4 adders
  A worm (D:3)
  3 dart slugs
  2 leopard geckos
  3 orcs
  6 bat skeletons (D:4)
  6 giant cockroaches
  4 hobgoblins
  13 jackals
  2 quokkas
  2 ball pythons (D:3)
  10 bats
  3 frilled lizards
  9 goblins
  2 kobolds
  6 rats
89 creatures vanquished.

Notes
Turn   | Place    | Note
-------+----------+-------------------------------------------
     0 | D:1      | Diggabert the Gargoyle Fighter began the quest for the Orb.
     0 | D:1      | Reached XP level 1. HP: 14/14 MP: 1/1
     0 | D:1      | Noticed a minotaur skeleton
   244 | D:1      | Reached XP level 2. HP: 17/19 MP: 2/2
   757 | D:2      | Reached XP level 3. HP: 23/23 MP: 3/3
  1174 | D:2      | Found a shimmering altar of Xom.
  1227 | D:2      | Reached XP level 4. HP: 26/29 MP: 4/4
  1721 | D:3      | Reached skill level 1 in Dodging
  1721 | D:3      | Reached XP level 5. HP: 6/33 MP: 5/5
  2206 | D:3      | Found an ornate altar of the Wu Jian Council.
  2333 | D:3      | Found a faded altar of an unknown god.
  2607 | D:3      | Found a sparkling altar of Nemelex Xobeh.
  2778 | D:4      | Found Ygistraw's Distillery.
  2808 | D:4      | Reached XP level 6. HP: 37/38 MP: 6/6
  3207 | D:4      | Found Ymawoam's Gadget Shoppe.
  3267 | D:4      | Found Watoqijell's Jewellery Boutique.
  3374 | D:4      | Reached skill level 5 in Shields
  3374 | D:4      | Reached XP level 7. HP: 43/43 MP: 7/7
  3375 | D:4      | Found Etuoch's Gadget Shoppe.
  3723 | D:4      | Found Unutsaxa's Assorted Antiques.
  3732 | D:4      | Bought a distressingly furry kite shield for 256 gold
                  | pieces
  3743 | D:4      | Identified the +2 kite shield of Dogmatism {rF+ Int+2} (You
                  | bought it in a shop on level 4 of the Dungeon)
  3836 | D:4      | Found a glowing golden altar of the Shining One.
  3863 | D:4      | Found an ancient bone altar of Kikubaaqudgha.
  3949 | D:5      | Entered Level 5 of the Dungeon
  3986 | D:5      | Reached skill level 5 in Maces & Flails
  4031 | D:5      | Noticed a white ugly thing
  4046 | D:5      | Demolished by a white ugly thing

Illustrated notes

Levels and vault maps discovered:
D:1:      shiori_arrival_whats_in_store_for_you, layout_basic
D:2:      layout_rooms, overflow_temple_1_default, serial_corexii_hall,
          corexii_hall_statues_s, corexii_hall_statues_i
D:3:      layout_basic, nicolae_overflow_crystal_walls, general_overflow_altar,
          chequers_ecumenical_altar_simple_redux, saegor_snake_ambush
D:4:      layout_basic, kennysheep_vampire_church, kennysheep_mini_moat,
          serial_shops, shop_fountains, shop, nicolae_shop_overgrown_old_shop,
          nicolae_shop_stone, kennysheep_little_box, kennysheep_generic_room_4
D:5:      layout_gridville, fedhas_altar_1, basic_altar,
          corexii_item_surrounded_by_moat, hangedman_feature_mirror,
          nicolae_qazlal_general_emergency, uniq_edmund

Skill      XL: |  1  2  3  4  5  6  7 |
---------------+----------------------+-----
Shields        | 4 5 |  5.3
Armour         | 4 |  4.7
Maces & Flails | 3 4 5 |  5.0
Dodging        | 1 |  1.9
Fighting       | 4 |  4.4

Action                   |  1- 3 |  4- 6 |  7- 9 || total
-------------------------+-------+-------+-------++-------
Melee: Flail             |   166 |   152 |    74 ||   392
  Use: Scroll            |     6 |     2 |     3 ||    11
Armor: Scale mail        |   124 |    67 |       ||   191
       Plate armour      |       |    30 |   101 ||   131
Dodge: Dodged            |    66 |    44 |    35 ||   145
Block: Kite shield       |   126 |    92 |    89 ||   307
